 Dungeon Crawl Stone Soup version 0.31-a0-848-gaac375c287 (webtiles) character file.

Game seed: 17365023919537280499

193 senseless the Ducker (level 5, -7/23 HPs)
             Began as a Felid Shapeshifter on Oct 4, 2023.
             Mangled by a black bear (12 damage)
             ... on level 5 of the Dungeon.
             The game lasted 00:03:29 (1801 turns).

senseless the Ducker (Felid Shapeshifter)           Turns: 1801, Time: 00:03:29

Health: -7/23      AC:  1    Str: 12    XL:     5   Next: 43%
Magic:  6/6        EV: 18    Int: 18    God:
Gold:   92         SH:  0    Dex: 15    Spells: 4/4 levels left
                                        Lives:  0   Deaths: 2

rFire   . .          .
                       - Unarmed
rCold   . . .        (shield unavailable)
rNeg    . . .        (body armour unavailable)
rPois   .            (helmet unavailable)
rElec   .            (cloak unavailable)
rCorr   .            (gloves unavailable)
SInv    +            (boots unavailable)
Will    .....        f - amulet of magic regeneration
Stlth   +            r - +6 ring of intelligence
HPRegen 0.23/turn    (no ring)
MPRegen 0.50/turn

%: no passive effects
@: beast-form, quick
A: beast (slay +2), very small, claws 1, fangs 3, see invisible, speed 1, shaggy
fur 1, stealthy paws, no weapons or thrown items, no armour, multi-lived
a: Begin Untransformation


You were on level 5 of the Dungeon.
You were a hulking beast.
You visited 1 branch of the dungeon, and saw 5 of its levels.

You collected 92 gold pieces.

Inventory:

Jewellery
 f - an amulet of magic regeneration (around neck)
 r - a +6 ring of intelligence (left paw)
Talismans
 b - a beast talisman (active)
 c - a flux talisman
Wands
 q - a wand of roots (2) (quivered)
Scrolls
 d - 3 scrolls of enchant weapon {unknown}
 e - 4 scrolls of identify {unknown}
 g - a scroll of acquirement {unknown}
 i - a scroll of immolation {unknown}
 j - a scroll of butterflies {unknown}
 k - 3 scrolls of enchant armour {unknown}
 m - a scroll of noise {unknown}
 n - a scroll of teleportation {unknown}
 o - a scroll of amnesia {unknown}
 p - a scroll of blinking {unknown}
Potions
 a - a potion of lignification
 l - a potion of invisibility {unknown}


   Skills:
 + Level 2.7 Fighting
 + Level 4.4 Dodging
 + Level 4.0 Unarmed Combat
 + Level 4.2 Shapeshifting


You had 4 spell levels left.
You didn't know any spells.
Your spell library was empty.

Dungeon Overview and Level Annotations

Branches:
Dungeon (6/15)
 Temple: D:4-7

Altars:

Shops:
D:1 [   D:3 ([(   D:5 *


Innate Abilities, Weirdness & Mutations

You are a hulking beast.
Your limbs bulge with bestial killing power. (Slay +2)
You have sharp claws.
You have razor-sharp teeth.
You have supernaturally acute eyesight. (SInv)
You cover ground quickly. (Speed+)
You are covered in fur. (AC +1)
Your paws help you pounce on unaware monsters.
You are incapable of wielding weapons or throwing items.
You cannot wear armour.
You gain extra lives every three experience levels.


Message History

You are too injured to fight recklessly!
You are too injured to fight recklessly!
You are too injured to fight recklessly!
You are too injured to fight recklessly!
You are too injured to fight recklessly!
You are too injured to fight recklessly!
You are too injured to fight recklessly!
You are too injured to fight recklessly!
You are too injured to fight recklessly!
You are too injured to fight recklessly!
You are too injured to fight recklessly!
You are too injured to fight recklessly!
You are too injured to fight recklessly!
You claw the black bear! You bite the black bear.
The black bear is severely wounded.
The black bear misses you. The black bear barely misses you.
The black bear claws you.
You scratch the black bear.
The black bear is severely wounded.
The black bear misses you. The black bear barely misses you. x2
You closely miss the black bear.
The black bear is severely wounded.
The black bear completely misses you. The black bear closely misses you.
The black bear misses you.
You barely miss the black bear.
The black bear is severely wounded.
The black bear barely misses you. The black bear completely misses you.
The black bear claws you.
* * * LOW HITPOINT WARNING * * *
You scratch the black bear.
The black bear is severely wounded.
The black bear goes berserk!
You barely miss the black bear.
The black bear is severely wounded.
The black bear misses you. The black bear barely misses you. x2
You scratch the black bear.
The black bear is almost dead.
The black bear bites you!
Ouch! That really hurt!
You die...

.............. ##
.............. #.
.............. #.
#.#####.#.#### ##.
#.# ##.###.## #..
#.###.## ##.# #..
##..###.###.##
#.h###....###.#.####
#..h.......#.......(
#.##...#...#.#..##.#
# #.........#.....#
#.≈.∩.≈.####.#..#
#.......# ##.#.#.
#...§...# #......
####.......# #......
#.......######......
#...................


You could see a black bear (berserk).

Vanquished Creatures
  A howler monkey (D:5)
  2 orc wizards (D:5)
  5 adders
  A worm (D:2)
  A dart slug (D:2)
  4 orcs
  6 bats
  3 endoplasms
  2 giant cockroaches (D:2)
  4 goblins
  6 hobgoblins
  3 jackals (D:2)
  5 kobolds
  6 ball pythons
  5 frilled lizards
  5 rats
59 creatures vanquished.

Notes
Turn   | Place    | Note
-------+----------+-------------------------------------------
     0 | D:1      | senseless the Felid Shapeshifter began the quest for the
                  | Orb.
     0 | D:1      | Reached XP level 1. HP: 9/9 MP: 2/2
   224 | D:1      | Reached XP level 2. HP: 12/12 MP: 3/3
   251 | D:1      | Found Tocyjiqe's Armour Emporium.
   773 | D:2      | Slain by a goblin
   861 | D:2      | Reached XP level 3. HP: 2/16 MP: 4/4
  1042 | D:2      | Reached XP level 4. HP: 13/19 MP: 5/5
  1350 | D:3      | Found Tabb's Weapon Shop.
  1366 | D:3      | Found Najol's Antique Weapon Boutique.
  1440 | D:3      | Found Nyos Taluuc's Antique Armour Shop.
  1557 | D:3      | You fall into a shaft and drop 3 floors!
  1574 | D:5      | Entered Level 5 of the Dungeon
  1616 | D:5      | Noticed a black bear
  1625 | D:5      | Slain by a black bear
  1663 | D:5      | Reached XP level 5. HP: 14/23 MP: 6/6
  1777 | D:5      | Found Vualakka's Elemental Accessories.
  1787 | D:5      | Noticed a black bear
  1801 | D:5      | Mangled by a black bear

Illustrated notes

Levels and vault maps discovered:
D:1:      dpeg_arrival_simpleton_b, layout_loops_ring, serial_shops, shop_statue
D:2:      layout_basic, serial_glass, glass_columns_c, glass_columns_c
D:3:      layout_loops_ring, serial_shops, shop, shop, nicolae_shop_trees,
          nicolae_shop_crystal, nicolae_shop_peninsula
D:5:      layout_loops_cross, serial_shops, nicolae_shop_crystal,
          nicolae_elemental_shop
D:6:      layout_loops_ring, minmay_shop_enchanted_jewellery,
          uniq_crazy_yiuf_cottage, uniq_jeremiah

Skill      XL: |  1  2  3  4  5 |
---------------+----------------+-----
Dodging        | 3 4 |  4.4
Fighting       | 2 |  2.7
Shapeshifting  | 4 |  4.2
Unarmed Combat | 4 |  4.0

Action                     |  1- 3 |  4- 6 || total
---------------------------+-------+-------++-------
  Melee: Unarmed           |   101 |    69 ||   170
         Bite              |     9 |     5 ||    14
         Punch             |       |     3 ||     3
    Use: Potion            |     1 |     1 ||     2
   Stab: Sleeping          |       |     2 ||     2
 Armour: Skin              |    31 |    24 ||    55
  Dodge: Dodged            |    89 |    69 ||   158

Table legend: (Time is in decaauts)
 A = Elapsed time spent in this place.
 B = Non-inter-level travel time spent in this place.
 C = Inter-level travel time spent in this place.
 D = Time resting spent in this place.
 E = Time spent auto-exploring this place.
 F = Levels seen in this place.
 G = Mean time per level.
                   A        B        C        D        E       F      G
               +--------+--------+--------+--------+--------+-----+--------+
         Total |   1517 |   1457 |     60 |      0 |   1112 |   5 |  303.4 |
       Dungeon |   1517 |   1457 |     60 |      0 |   1112 |   5 |  303.4 |
               +--------+--------+--------+--------+--------+-----+--------+

Top non-repeatable levels by time:
     D:1: 598 daAuts
     D:2: 515 daAuts
     D:5: 200 daAuts
     D:3: 188 daAuts
     D:6: 14 daAuts
